 Dungeon Crawl Stone Soup version 0.30-a0-996-ga6910c8ee8 (webtiles) character file.

Game seed: 12513469104899749433

994 Newt the Skirmisher (level 8, -2/73 HPs)
             Began as a Kobold Hunter on Apr 4, 2023.
             Was an Initiate of Hepliaklqana.
             Slain by Duvessa
             ... wielding a +0 short sword of venom
              (6 damage)
             ... on level 5 of the Dungeon.
             The game lasted 00:03:56 (4742 turns).

Newt the Skirmisher (Kobold Hunter)                 Turns: 4742, Time: 00:03:58

Health: -2/73      AC: 24    Str:  8    XL:     8   Next: 42%
Magic:  8/8        EV:  3    Int: 11    God:    Hepliaklqana [......]
Gold:   280        SH:  0    Dex: 20    Spells: 7/7 levels left

rFire   . . .      SeeInvis .    a - +0 shortbow
rCold   . . .      Faith    .    (shield currently unavailable)
rNeg    . . .      Spirit   .    c - melded +0 leather armour
rPois   +          Reflect  .    i - melded +2 hat
rElec   .          Rampage  .    (cloak currently unavailable)
rCorr   .          NoTele   +    (gloves currently unavailable)
Will    .....                    (boots currently unavailable)
Stlth   +++                      (no amulet)
HPRegen 0.32/turn                e - ring of flight
MPRegen 0.11/turn                n - ring of wizardry

@: lethally poisoned (-2 -> -7), tree-form, hasted, very quick
A: stationary, stasis, torment immunity, boosted hp, small, no large weapons,
nightstalker 3, (cold resistance 1), (fire resistance 1)
a: Renounce Religion


You were on level 5 of the Dungeon.
You worshipped Hepliaklqana.
Hepliaklqana was noncommittal.
You were a tree.
You visited 1 branch of the dungeon, and saw 5 of its levels.

You collected 280 gold pieces.

Inventory:

Hand Weapons
 a - a +0 shortbow (weapon)
Armour
 c - a +0 leather armour (melded)
 i - a +2 hat (melded)
Jewellery
 e - a ring of flight (left branch)
 n - a ring of wizardry (right branch)
Scrolls
 g - 3 scrolls of teleportation
 p - 2 scrolls of identify
 r - a scroll of amnesia
Potions
 b - a potion of attraction {unknown}
 f - a potion of cancellation
 h - 3 potions of mutation
 l - a potion of flight {unknown}
 m - a potion of invisibility
 o - a potion of berserk rage {unknown}
 q - a potion of lignification


   Skills:
 - Level 5.0 Fighting
 - Level 10.0 Ranged Weapons
 + Level 1.5 Armour
 - Level 6.0 Dodging
 - Level 1.3 Stealth


You had 7 spell levels left.
You didn't know any spells.
Your spell library contained the following spells:

 Spells                   Type           Power      Damage    Failure   Level
 Cigotuvi's Dreadful Rot  Necr/Pois/Air  0%         N/A       21%         2
 Poisonous Vapours        Pois/Air       0%         N/A       21%         2
 Mephitic Cloud           Conj/Pois/Air  0%         N/A       38%         3


Dungeon Overview and Level Annotations

Branches:
Dungeon (5/15)
 Temple: D:4-7

Altars:
Hepliaklqana
Okawaru

Annotations:
D:5 Dowan, Duvessa


Innate Abilities, Weirdness & Mutations

You are a tree.
Your roots penetrate the ground, keeping you stationary.
You cannot be teleported.
You are immune to unholy pain and torment.
Your maximum health is greatly increased.
Your equipment is partially melded.
You are small and have problems with some larger weapons.
You are completely attuned to the shadows.
((Your flesh is cold resistant. (rC+)))
((Your flesh is heat resistant. (rF+)))


Message History

Duvessa hits you with a +0 short sword of venom!
You are poisoned.
Unknown command.
You shoot an arrow. The arrow hits Duvessa!
Duvessa is severely wounded.
You feel very sick.
Duvessa hits you with a +0 short sword of venom!
You are lethally poisoned!
Unknown command.
You shoot an arrow. The arrow closely misses Duvessa.
The arrow hits Dowan.
Dowan is lightly wounded.
You feel extremely sick.
Duvessa hits you with a +0 short sword of venom!
* * * LOW HITPOINT WARNING * * *
You are more poisoned.
Dowan's feet meld with the ground, briefly.
You feel better.
Unknown command.
You feel yourself speed up.
Duvessa hits you with a +0 short sword of venom.
* * * LOW HITPOINT WARNING * * *
You are lethally poisoned!
Unknown command.
* * * LOW HITPOINT WARNING * * *
You feel sick.
* * * LOW HITPOINT WARNING * * *
You feel sick.
* * * LOW HITPOINT WARNING * * *
You feel sick.
Dowan points at you and mumbles some strange words.
The puff of flame hits you. You resist.
* * * LOW HITPOINT WARNING * * *
It was a potion of lignification.
You turn into a tree.
Your +2 hat melds into your body.
Your +0 leather armour melds into your body.
Your roots penetrate the ground.
* * * LOW HITPOINT WARNING * * *
You feel sick.
Duvessa hits you with a +0 short sword of venom.
You die...

#.# #.# #.####
#.....## #.##.##
##.......##
#.#...####......<..#
.........+.........+.
#.#...####......♣...#
#.#.....>.#....e..#..
#.#.......##.....##
#.#.......###..e##
.........# ##'##
##.......# #.#
#.......# #.#
#.......# ...
####.####


You could see Duvessa and Dowan.

Vanquished Creatures
  Sigmund (D:4)
  2 ogres (D:4)
  2 scorpions
  2 jellies (D:5)
  4 hounds
  An iguana (D:5)
  4 adders
  7 gnolls
  2 ufetubi
  3 dart slugs
  5 orcs (D:4)
  6 endoplasms
  4 giant cockroaches
  8 goblins
  9 hobgoblins
  6 jackals
  7 kobolds
  3 quokkas
  6 ball pythons
  2 bats (D:1)
  9 frilled lizards
  A rat (D:2)
94 creatures vanquished.

Vanquished Creatures (collateral kills)
  A steam dragon (D:4)
1 creature vanquished.

Vanquished Creatures (others)
  4 plants (D:1)
  5 toadstools (D:1)
9 creatures vanquished.

Grand Total: 104 creatures vanquished

Notes
Turn   | Place    | Note
-------+----------+-------------------------------------------
     0 | D:1      | Newt the Kobold Hunter began the quest for the Orb.
     0 | D:1      | Reached XP level 1. HP: 12/12 MP: 1/1
   107 | D:1      | Reached XP level 2. HP: 12/18 MP: 2/2
   238 | D:1      | Reached XP level 3. HP: 23/23 MP: 3/3
   921 | D:2      | Reached XP level 4. HP: 30/30 MP: 4/4
  1422 | D:3      | Reached skill level 5 in Fighting
  1518 | D:3      | Reached XP level 5. HP: 35/35 MP: 5/5
  1650 | D:3      | Reached skill level 6 in Ranged Weapons
  1705 | D:3      | Found a hazy altar of Hepliaklqana.
  1718 | D:3      | Became a worshipper of Hepliaklqana the Forgotten
  2185 | D:4      | Reached skill level 7 in Ranged Weapons
  2205 | D:4      | Reached XP level 6. HP: 40/40 MP: 6/6
  2331 | D:4      | Noticed a steam dragon
  2536 | D:4      | Noticed an ogre
  2538 | D:4      | Killed an ogre
  2539 | D:4      | Reached skill level 8 in Ranged Weapons
  2793 | D:4      | Killed a steam dragon
  2794 | D:4      | Reached skill level 9 in Ranged Weapons
  2794 | D:4      | Reached XP level 7. HP: 19/44 MP: 7/7
  3045 | D:4      | Gained mutation: Your flesh is heat resistant. (rF+)
                  | [potion of mutation]
  3045 | D:4      | Gained mutation: Your flesh is cold resistant. (rC+)
                  | [potion of mutation]
  3221 | D:4      | Noticed Sigmund
  3390 | D:4      | Killed Sigmund
  3391 | D:4      | Reached skill level 10 in Ranged Weapons
  3391 | D:4      | Reached XP level 8. HP: 43/49 MP: 8/8
  3974 | D:5      | Entered Level 5 of the Dungeon
  3980 | D:5      | Found an iron altar of Okawaru.
  4019 | D:5      | Reached skill level 5 in Dodging
  4420 | D:5      | Reached skill level 1 in Armour
  4721 | D:5      | Noticed Dowan
  4721 | D:5      | Noticed Duvessa
  4742 | D:5      | Slain by Duvessa

Illustrated notes

Levels and vault maps discovered:
D:1:      ldierk_walled_garden, layout_basic, serial_aquarium,
          aquarium_bridge_square [aquarium_subvault_bridge,
          aquarium_subvault_window, aquarium_subvault_wall,
          aquarium_subvault_bridge], aquarium_window_3, aquarium_window_2,
          aquarium_view_2c, amcnicky_mini_pool_small, serial_bayou_pond_e,
          minmay_lizard_king
D:2:      layout_rooms, hex_medium
D:3:      layout_basic, nicolae_hepliaklqana_hazy_memory
D:4:      layout_cave_pods, kennysheep_minor_cross, st_stairs_1, uniq_sigmund
D:5:      layout_loops_corners, okawaru_gym_becter,
          minmay_temple_entry_enclosed_plants, uniq_duvessa, uniq_prince_ribbit1

Skill      XL: |  1  2  3  4  5  6  7  8 |
---------------+-------------------------+-----
Fighting       | 3 4 5 |  5.0
Ranged Weapons | 7 9 10 | 10.0
Dodging        | 4 6 |  6.0
Armour         | 1 |  1.5
Stealth        | |  1.3

Action                     |  1- 3 |  4- 6 |  7- 9 || total
---------------------------+-------+-------+-------++-------
   Fire: Shortbow          |    79 |    68 |   129 ||   276
    Use: Scroll            |     7 |     6 |     1 ||    14
         Potion            |       |       |     5 ||     5
 Armour: Leather armour    |     9 |     6 |    14 ||    29
  Dodge: Dodged            |    33 |    16 |    65 ||   114

Table legend: (Time is in decaauts)
 A = Elapsed time spent in this place.
 B = Non-inter-level travel time spent in this place.
 C = Inter-level travel time spent in this place.
 D = Time resting spent in this place.
 E = Time spent auto-exploring this place.
 F = Levels seen in this place.
 G = Mean time per level.
                   A        B        C        D        E       F      G
               +--------+--------+--------+--------+--------+-----+--------+
         Total |   4793 |   4712 |     81 |    891 |   3222 |   5 |  958.6 |
       Dungeon |   4793 |   4712 |     81 |    891 |   3222 |   5 |  958.6 |
               +--------+--------+--------+--------+--------+-----+--------+

Top non-repeatable levels by time:
     D:4: 1918 daAuts
     D:1: 786 daAuts
     D:5: 770 daAuts
     D:3: 747 daAuts
     D:2: 571 daAuts
